 Dungeon Crawl Stone Soup version 0.30-a0-571-gdf30a72648 (webtiles) character file.

Game seed: 804676515711629818

58384 billz999 the Warrior (level 15, -1/121 HPs)
             Began as a Djinni Ice Elementalist on Dec 30, 2022.
             Was the Champion of Makhleb.
             Slain by a two-headed ogre
             ... wielding a +0 giant spiked club
              (12 damage)
             ... on level 2 of the Orcish Mines.
             The game lasted 01:15:02 (28483 turns).

billz999 the Warrior (Djinni Ice Elementalist)     Turns: 28483, Time: 01:15:03

Health: -1/121     AC:  8    Str: 16    XL:     15   Next: 29%
Gold:   619        EV: 16    Int: 28    God:    Makhleb [******] SH:  0 Dex: 17

rFire   + + .      SeeInvis +    a - +4 shortbow of Tonuhuul {flame, Fragile rC+ Str+3 SInv}
rCold   . . .      Faith    +    (shield currently unavailable)
rNeg    + . .      Spirit   .    X - +1 leather armour "Sooxu" {rN+ Int+3 Stlth+}
rPois   ∞          Reflect  .    l - +0 helmet
rElec   .          Harm     .    M - +0 cloak
rCorr   .          Rampage  .    y - +1 pair of gloves
Will    ++...                    (boots unavailable)
Stlth   +++                      u - amulet of faith
HPRegen 0.40/turn                Y - ring of Midnight {Fly Will+ Dex+4 SInv}
MPRegen 0.00/turn                Z - +6 ring of strength

@: flying, studying Throwing
A: sickness immunity, fire resistance 2, cold vulnerability 1, float, innate
caster, HP casting, extra vitality 1
a: Renounce Religion, Minor Destruction, Lesser Servant of Makhleb, Major
Destruction, Greater Servant of Makhleb


You were on level 2 of the Orcish Mines.
You worshipped Makhleb.
Makhleb was exalted by your worship.
You visited 4 branches of the dungeon, and saw 21 of its levels.
You also visited: Sewer, Ossuary and Volcano.

You collected 2025 gold pieces.
You spent 1406 gold pieces at shops.

Inventory:

Hand Weapons
 a - the +4 shortbow of Tonuhuul (weapon) {flame, Fragile rC+ Str+3 SInv}
   (You bought it in a shop on level 2 of the Dungeon)

   Any ammunition fired from it burns those it strikes, dealing additional fire
   damage.
   Str:       It affects your strength (+3).
   rC:        It protects you from cold.
   SInv:      It lets you see invisible.
   Fragile:   It will be destroyed if unequipped.
 d - a +0 spear
 g - a +2 dagger of venom
 E - a +3 dagger of electrocution
Missiles
 j - 8 javelins
 n - 9 curare-tipped darts
 s - 3 throwing nets
Armour
 l - a +0 helmet (worn)
 p - a +0 pair of gloves
 y - a +1 pair of gloves (worn)
 D - a +1 leather armour of fire resistance
 K - a +0 robe
 M - a +0 cloak (worn)
 X - the +1 leather armour "Sooxu" (worn) {rN+ Int+3 Stlth+}
   (You found it on level 12 of the Dungeon)

   Int:       It affects your intelligence (+3).
   rN:        It protects you from negative energy.
   Stlth:     It makes you more stealthy.
Magical Staves
 h - a staff of fire
Jewellery
 u - an amulet of faith (around neck)
 O - a ring of resist corrosion
 S - a ring of see invisible
 Y - the ring of Midnight (left hand) {Fly Will+ Dex+4 SInv}
   (You bought it in a shop on level 1 of the Orcish Mines)

   [ring of see invisible]

   Dex:       It affects your dexterity (+4).
   SInv:      It lets you see invisible.
   Fly:       It grants you flight.
   Will:      It increases your willpower.
 Z - a +6 ring of strength (right hand)
Wands
 q - a wand of iceblast (14)
 G - a wand of paralysis (6)
 Q - a wand of flame (2)
 U - a wand of polymorph (3)
Scrolls
 f - 4 scrolls of noise
 i - 3 scrolls of teleportation
 k - 3 scrolls of fog
 t - a scroll of blinking
 x - 3 scrolls of enchant armour
 B - 4 scrolls of vulnerability
 C - a scroll of identify
 H - a scroll of poison
 J - 4 scrolls of torment
 L - a scroll of brand weapon
 N - 2 scrolls of fear
 P - 2 scrolls of enchant weapon
 V - 2 scrolls of magic mapping
Potions
 b - a potion of magic
 c - 3 potions of degeneration
 e - 9 potions of curing
 m - 3 potions of berserk rage
 o - 3 potions of invisibility
 r - a potion of cancellation
 v - 2 potions of lignification
 w - 4 potions of flight
 z - 2 potions of haste
 A - 2 potions of ambrosia
 F - 4 potions of attraction
 I - 4 potions of might
 R - 6 potions of mutation
 T - 3 potions of heal wounds
 W - a potion of brilliance


   Skills:
 + Level 16.1 Fighting
 - Level 13.2 Ranged Weapons
 - Level 8.7 Dodging
 - Level 2.1 Stealth
 - Level 8.6 Spellcasting


You couldn't memorise any spells.
You knew the following spells:

 Your Spells              Type           Power      Damage    Failure   Level
a - Freeze                Ice            100%       1d10      1%          1
b - Frozen Ramparts       Ice            100%       1d16      1%          3
c - Ozocubu's Armour      Ice            57%        N/A       1%          3
d - Summon Ice Beast      Ice/Summ       57%        N/A       1%          4
e - Shock                 Conj/Air       100%       1d9       1%          1
f - Poisonous Vapours     Pois/Air       100%       N/A       1%          2
g - Mephitic Cloud        Conj/Pois/Air  57%        N/A       1%          3
h - Tukima's Dance        Hex            57%        N/A       1%          3
i - Iskenderun's Battles  Conj           57%        2d11      4%          5
j - Summon Forest         Summ/Tloc      28%        N/A       4%          5
k - Death Channel         Necr           28%        N/A       26%         6
Your spell library was empty.

Dungeon Overview and Level Annotations

Branches:
Dungeon (13/15)            Temple (1/1) D:5            Lair (5/5) D:11
  Swamp (0/4) Lair:3       Spider (0/4) Lair:3        Slime (0/5) Lair:5
    Orc (2/2) D:11          Sewer (visited)         Ossuary (visited)
Volcano (visited)
    Elf: Orc:2       Vaults: D:13-14

Altars:
Ashenzari
Cheibriados
Dithmenos
Elyvilon
Fedhas
Gozag
Hepliaklqana
Makhleb
Nemelex Xobeh
Okawaru
Qazlal
Ru
Trog
Uskayaw
Wu Jian
Xom
Yredelemnul
Zin
The Shining One
Jiyva

Shops:
D:2 (   D:5 **   D:7 (   D:11 *   D:12 !   Orc:1 =

Annotations:
D:10 1 runed translucent door, cforsyth's ghost, journeyman MfIE
Lair:2 2 transporters, FakeRyeBread's ghost, journeyman TrFi


Innate Abilities, Weirdness & Mutations

You are immune to sickness and miasma.
You are immune to poison.
Your flesh is very heat resistant. (rF++)
You are vulnerable to cold. (rC-)
You float through the air rather than walking.
You learn spells naturally, not from books.
Your magical power is your life essence.
You have superior vitality. (+4 MHP)


Message History

The barrage of energy hits the troll!
The troll is moderately wounded.
The troll misses you. The troll completely misses you.
The troll claws you but does no damage.
Your +0 mace hits the troll.
Casting: Shock (safe; 1% risk of failure)
Confirm with . or Enter, or press ? or * to list all spells.
Aiming: Shock (safe; 1% risk of failure)
Press: ? - help, Shift-Dir - straight line The zap misses the troll.
The zap hits the troll!
The troll is severely wounded.
Your battlesphere fires!
The barrage of energy hits the troll!
You kill the troll!
Makhleb accepts your kill.
You feel better.
You start resting.
Your +0 mace falls from the air.
You start resting.
A two-headed ogre comes into view.
It is wielding a +0 giant spiked club and a +0 great mace.
Casting: Shock (safe; 1% risk of failure)
Confirm with . or Enter, or press ? or * to list all spells.
Aiming: Mephitic Cloud (safe; 1% risk of failure)
Press: ? - help, Shift-Dir - straight line The ball explodes into a vile cloud!
The stinking cloud engulfs the two-headed ogre but does no damage.
The stinking cloud engulfs you but does no damage.
You hear a shout! x2; You hear two shouts!
You hear a shout! x3
You hear two shouts!
You hear a shout!
Your battlesphere fires!
The barrage of energy hits the two-headed ogre!
The two-headed ogre is lightly wounded.
The two-headed ogre is engulfed in noxious fumes.
The two-headed ogre hits you but does no damage.
The two-headed ogre hits you with a +0 great mace!!
* * * LOW HITPOINT WARNING * * *
The two-headed ogre attacks as you move away!
The two-headed ogre hits you with a +0 giant spiked club!!
* * * LOW HITPOINT WARNING * * *
The two-headed ogre hits you with a +0 great mace!
You die...

....#........# ##..##
...##........###....####...
....##..#.#...#.......#....
##.#####.............)†)...
######.#....##.#....).....
###......#.#####......)....
##......######.#○.☼)T.C.)..
##......# ##.*.§O#........
#.......#.##....@#.O.......
.................##........
..............#.###..#.....
..........#...#. ...##....
..........#.. .. ...# ...
..........##.... ##.## ..
...........##.<. ### .
................
..............


You could see a two-headed ogre (ally target) and a friendly battlesphere.

Vanquished Creatures
  A red draconian (Volcano)
  Josephine (D:10)
  5 hydras
  A catoblepas (Lair:5)
  A centaur warrior (Volcano)
  2 boulder beetles (D:12)
  2 two-headed ogres (D:9)
  An orc knight (Orc:2)
  3 cyclopes
  12 elephants
  4 black mambas
  A molten gargoyle (Volcano)
  Psyche (D:9)
  2 unseen horrors (D:11)
  11 cane toads
  A gargoyle (D:11)
  A torpor snail (Lair:4)
  4 komodo dragons
  A yaktaur (Volcano)
  A rime drake (Lair:4)
  A kobold demonologist (D:11)
  4 polar bears
  6 hornets
  7 trolls
  A tyrant leech (Lair:3)
  21 blink frogs
  3 slime creatures (D:12)
  A dream sheep (Lair:5)
  10 spriggans (Lair:5)
  2 shadows
  6 fire bats (Volcano)
  3 wyverns
  A human (D:7)
  40 yaks
  Grum (D:11)
  8 wraiths
  3 basilisks
  A redback (Lair:3)
  3 vampire mosquitoes
  5 steam dragons
  2 wargs (Orc:1)
  6 swamp worms (Lair:3)
  2 acid dragons
  13 water moccasins
  13 orc warriors
  2 sky beasts
  4 boggarts (Lair:5)
  6 black bears
  24 wolves
  11 ogres
  9 centaurs
  An elf zombie (Ossuary)
  A nameless horror (Sewer)
  5 kobold brigands
  12 bullfrogs
  A necrophage (D:7)
  A gnoll sergeant (D:9)
  7 scorpions
  2 wights (D:8)
  16 killer bees
  2 howler monkeys
  4 electric eels
  A human zombie (Ossuary)
  12 lava snakes
  2 jellies
  14 orc priests
  2 hounds
  2 gnoll boudas
  2 iguanas
  12 orc wizards
  A hound zombie (Ossuary)
  A mummy (Ossuary)
  17 gnolls
  14 adders
  4 river rats (Sewer)
  A shadow imp (D:6)
  2 ufetubi
  3 worms (D:3)
  55 orcs
  3 bats
  10 endoplasms
  5 giant cockroaches
  A gnoll zombie (Ossuary)
  8 goblins
  9 hobgoblins
  2 jackals (D:4)
  8 quokkas
  13 ball pythons
  2 frilled lizards
  A goblin zombie (Ossuary)
  15 kobolds
  An orc zombie (Ossuary)
  27 rats
  A snaplasher vine (Lair:5)
578 creatures vanquished.

Vanquished Creatures (collateral kills)
  An ettin (Orc:2)
  A deep elf pyromancer (D:12)
  A troll (Orc:2)
  3 polar bears (Lair:5)
  A blink frog (Lair:5)
  A spriggan (Lair:5)
  2 yaks (D:10)
  A human (D:7)
  2 orc warriors
  An ice beast (D:6)
  2 ogres (D:7)
  2 wolves (Lair:5)
  A phantom (D:6)
  A centaur (D:7)
  An elf zombie (Ossuary)
  3 wights (D:8)
  A gnoll bouda (D:7)
  An iguana (D:5)
  An orc wizard (D:5)
  3 mummies (Ossuary)
  3 gnolls (D:7)
  A shadow imp (D:6)
  9 orcs
  A ball python (Sewer)
  A goblin zombie (Ossuary)
  2 jackal zombies (Ossuary)
  A kobold (D:10)
  A kobold zombie (Ossuary)
  A rat zombie (Ossuary)
50 creatures vanquished.

Vanquished Creatures (others)
  9 dancing weapons
  59 fungi
  54 plants
122 creatures vanquished.

Grand Total: 750 creatures vanquished

Notes
Turn   | Place    | Note
-------+----------+-------------------------------------------
     0 | D:1      | billz999 the Djinni Ice Elementalist began the quest for
                  | the Orb.
     0 | D:1      | billz999 set off with the following spells memorised:
                  | Freeze, Frozen Ramparts, Ozocubu's Armour, Summon Ice
                  | Beast.
     0 | D:1      | Reached XP level 1. HP: 15/15 MP: 0/0
   234 | D:1      | Reached XP level 2. HP: 17/21 MP: 0/0
   604 | D:1      | Reached XP level 3. HP: 23/25 MP: 0/0
   604 | D:1      | Learned a level 1 spell: Shock
  1116 | D:2      | Found a faded altar of an unknown god.
  1253 | D:2      | Reached XP level 4. HP: 28/31 MP: 0/0
  1307 | D:2      | Found Plog's Weapon Shop.
  1768 | D:3      | Noticed a black bear
  1803 | D:3      | Killed a black bear
  1804 | D:3      | Reached XP level 5. HP: 18/35 MP: 0/0
  1804 | D:3      | Learned a level 2 spell: Poisonous Vapours
  1948 | D:3      | Found a white marble altar of Elyvilon.
  2247 | D:3      | Reached skill level 5 in Spellcasting
  2247 | D:3      | Reached XP level 6. HP: 23/40 MP: 0/0
  2636 | D:3      | Found a blossoming altar of Fedhas.
  2940 | D:4      | You are sucked into a shaft and drop 1 floor!
  2940 | D:5      | Entered Level 5 of the Dungeon
  3193 | D:5      | Reached XP level 7. HP: 42/46 MP: 0/0
  3193 | D:5      | Learned a level 3 spell: Mephitic Cloud
  3231 | D:5      | Found Geal's General Store.
  3233 | D:5      | Found Kuckexkae's Specific Store.
  3367 | D:5      | Reached skill level 1 in Fighting
  3404 | D:5      | Reached skill level 2 in Fighting
  3499 | D:5      | Reached skill level 3 in Fighting
  3705 | D:5      | Found a staircase to the Ecumenical Temple.
  3738 | Temple   | Entered the Ecumenical Temple
  3823 | D:6      | Reached skill level 4 in Fighting
  3823 | D:6      | Reached XP level 8. HP: 52/58 MP: 0/0
  3880 | D:6      | Found an ornate altar of the Wu Jian Council.
  3905 | D:6      | Reached skill level 5 in Fighting
  4140 | D:6      | Found a glowing drain.
  4235 | Sewer    | Entered a sewer
  4611 | Sewer    | Reached skill level 6 in Fighting
  4955 | D:6      | Reached skill level 7 in Fighting
  5288 | D:6      | Reached XP level 9. HP: 55/70 MP: 0/0
  5288 | D:6      | Learned a level 3 spell: Tukima's Dance
  5295 | D:6      | Reached skill level 8 in Fighting
  6200 | D:7      | Found an iron altar of Okawaru.
  6212 | D:7      | Reached skill level 9 in Fighting
  6305 | D:7      | Reached skill level 10 in Fighting
  6626 | D:7      | Reached skill level 11 in Fighting
  6626 | D:7      | Reached XP level 10. HP: 69/82 MP: 0/0
  6683 | D:7      | Found a sand-covered staircase.
  6691 | Ossuary  | Entered an ossuary
  7222 | D:7      | Found a sparkling altar of Nemelex Xobeh.
  7231 | D:7      | Found Jogaadgh's Antique Weapon Shop.
  7237 | D:7      | Reached skill level 5 in Dodging
  9275 | D:4      | Found a broken altar of Ashenzari.
  9481 | D:4      | Identified the +1 hand axe "Qoepolen" {spect, +Blink rC+}
 10030 | D:2      | Bought the +4 shortbow of Tonuhuul {flame, Fragile rC+
                  | Str+3 SInv} for 443 gold pieces
 10298 | D:8      | Reached skill level 1 in Ranged Weapons
 11037 | D:8      | Found an opulent altar of Gozag.
 11191 | D:8      | Reached XP level 11. HP: 84/87 MP: 0/0
 11191 | D:8      | Learned a level 5 spell: Iskenderun's Battlesphere
 11609 | D:9      | Reached skill level 5 in Ranged Weapons
 11828 | D:9      | Found a burning altar of Makhleb.
 11833 | D:9      | Found a glowing golden altar of the Shining One.
 11837 | D:9      | Became a worshipper of Makhleb the Destroyer
 12318 | D:9      | Noticed a two-headed ogre
 12328 | D:9      | Killed a two-headed ogre
 12388 | D:9      | Noticed Psyche
 12406 | D:9      | HP: 2/87 [Psyche/iceblast (11)]
 12408 | D:9      | Killed Psyche
 12795 | D:9      | Noticed a two-headed ogre
 12805 | D:9      | Killed a two-headed ogre
 13249 | D:10     | Entered Level 10 of the Dungeon
 13282 | D:10     | Reached * piety under Makhleb
 13568 | D:10     | Found a runed translucent door.
 13569 | D:10     | Noticed cforsyth's ghost (journeyman MfIE)
 13569 | D:10     | Noticed a spriggan rider
 13578 | D:10     | Found a basalt altar of Yredelemnul.
 14259 | D:10     | Identified the +7 spear of Anxiety {pain, rC- Dex+4}
 14309 | D:10     | Found a stormy altar of Qazlal.
 14331 | D:10     | Found a glowing silver altar of Zin.
 14331 | D:10     | Noticed an angel
 14463 | D:11     | Noticed Josephine
 14771 | D:11     | Reached XP level 12. HP: 77/94 MP: 0/0
 14819 | D:11     | Noticed Grum
 14923 | D:11     | Reached ** piety under Makhleb
 15548 | D:10     | Reached skill level 10 in Ranged Weapons
 15640 | D:11     | Killed Grum
 15824 | D:10     | Killed Josephine
 16708 | D:11     | Found a staircase to the Lair.
 16713 | D:11     | Found Goupasac's Neck Hole.
 16772 | D:11     | Found a staircase to the Orcish Mines.
 16856 | D:11     | Reached *** piety under Makhleb
 16970 | Lair:1   | Entered Level 1 of the Lair of Beasts
 17355 | Lair:1   | Identified the +5 halberd of Superiority {freeze, rPois rF+
                  | Dex-2}
 17686 | Lair:1   | You are sucked into a shaft and drop 1 floor!
 18396 | Lair:2   | Reached XP level 13. HP: 76/99 MP: 0/0
 18396 | Lair:2   | Learned a level 5 spell: Summon Forest
 18520 | Lair:2   | HP: 4/99 [blink frog (13)]
 18798 | Lair:2   | Noticed FakeRyeBread's ghost (journeyman TrFi)
 18801 | Lair:2   | Found a transporter.
 18807 | Lair:2   | Found a bloodstained altar of Trog.
 18818 | Lair:2   | Found a transporter.
 18910 | Lair:2   | Reached **** piety under Makhleb
 20461 | Lair:3   | Found a hole to the Spider Nest.
 20563 | Lair:3   | Noticed a four-headed hydra
 20819 | Lair:3   | Killed a four-headed hydra
 21049 | Lair:3   | Noticed a seven-headed hydra
 21079 | Lair:3   | Killed a seven-headed hydra
 21292 | Lair:3   | Found a staircase to the Swamp.
 21690 | Lair:4   | Noticed a four-headed hydra
 21702 | Lair:4   | Killed a four-headed hydra
 21785 | Lair:4   | Found a shimmering altar of Xom.
 22131 | Lair:4   | Reached XP level 14. HP: 96/105 MP: 0/0
 22635 | Lair:4   | Found a runed translucent door.
 23055 | Lair:4   | Identified the +0 plate armour "Zioly" {+Inv rF++ rC-
                  | rCorr}
 23083 | Lair:5   | Entered Level 5 of the Lair of Beasts
 23096 | Lair:5   | Found a dark tunnel.
 23133 | Volcano  | Entered a volcano
 23169 | Volcano  | Reached ***** piety under Makhleb
 23266 | Volcano  | Reached skill level 12 in Fighting
 23378 | Volcano  | Noticed a red draconian
 23389 | Volcano  | Killed a red draconian
 23849 | Lair:5   | Reached skill level 13 in Fighting
 24512 | Lair:5   | Reached skill level 14 in Fighting
 24551 | Lair:5   | Identified the +12 falchion "Oplen" {flame, rF+ Will+ rCorr
                  | Dex-5}
 24940 | Lair:5   | Reached ****** piety under Makhleb
 25366 | Lair:5   | Reached skill level 15 in Fighting
 25403 | Lair:5   | Found a viscous altar of Jiyva.
 25404 | Lair:5   | Found a staircase to the Slime Pits.
 25996 | D:12     | Found Reocob's Distillery.
 26011 | D:12     | Reached XP level 15. HP: 82/120 MP: 0/0
 26011 | D:12     | Learned a level 6 spell: Death Channel
 26439 | D:12     | Identified the +1 leather armour "Sooxu" {rN+ Int+3 Stlth+}
 27555 | Orc:1    | Entered Level 1 of the Orcish Mines
 27607 | Orc:1    | Found Bunixtist's Jewellery Emporium.
 27616 | Orc:1    | Bought the ring of Midnight {Fly Will+ Dex+4 SInv} for 495
                  | gold pieces
 27616 | Orc:1    | Bought a +6 ring of strength for 468 gold pieces
 27796 | Orc:2    | Entered Level 2 of the Orcish Mines
 28411 | Orc:2    | Reached skill level 16 in Fighting
 28483 | Orc:2    | Slain by a two-headed ogre

Illustrated notes

Levels and vault maps discovered:
D:1:      zaba_arrival_water, layout_loops_ring, minmay_tall_x
D:2:      minmay_general_purpose_star, layout_loops_ring, serial_shops,
          nicolae_shop_waterfront, hellmonk_ecumenical_altar_arch_garden
D:3:      layout_loops_ring, lemuel_doored_altar,
          gammafunk_temple_overflow_elements, serial_glass, glass_columns_a,
          glass_columns_b, glass_columns_c, glass_columns_a, glass_columns_a,
          glass_columns_a, glass_columns_a, glass_columns_a, glass_columns_a,
          glass_columns_c, glass_columns_b, glass_columns_a, glass_columns_b,
          glass_columns_b, reono_crystal_passage, minivault_4
D:4:      layout_loops_corners, mainiacjoe_overflow_alcove_2
D:5:      layout_basic, minmay_temple_entry_poolview, chequers_mini_garden,
          chequers_serial_rivers_small_3, nicolae_specific_store,
          minmay_misc_feat_more_columns
D:6:      layout_gridville, mainiacjoe_overflow_cross_hatched,
          gup_sewer_entry_glass
D:7:      kennysheep_seaside_town, layout_loops_ring, old_standard_altar,
          okawaru_humans, serial_shops, shop, chequers_ossuary_entry_cave,
          fountainhead, chequers_serial_rivers_small_3, minmay_curled_crystal,
          uniq_crazy_yiuf_cottage
D:8:      cheibrodos_steamvent, layout_loops_corners, lemuel_crystal_altar,
          kennysheep_flooded_box
D:9:      layout_stronghold, grunt_temple_overflow_open, uniq_psyche
D:10:     layout_cave_pools, nicolae_qazlal_general_emergency, zin_angel,
          lemuel_round_altar, ebering_ghost_funeral_grove
D:11:     layout_rooms, grunt_lair_entry_orc_guard_hut,
          minmay_orc_entry_temple_small, nicolae_shop_sticking_my_neck_out,
          uniq_grum, uniq_josephine
D:12:     layout_irregular_city, serial_shops, nicolae_shop_advertising_works
          [nicolae_subvault_shop_adworks]
D:13:     layout_roguey, nicolae_trove_entry_free_sample
Temple:   hellmonk_temple_two_chambers
Lair:1:   layout_hall_layers
Lair:2:   layout_loops_ring, gammafunk_ghost_wrathful_warriors,
          nicolae_lair_liquid_snakes, grunt_megastairs_3
Lair:3:   layout_hall_layers, palyth_hydra_swamp_entry, spider_nest_entry_webs
Lair:4:   layout_small_grid, basic_altar, pf_torpor_hydra
Lair:5:   minmay_lair_end_enchanted_forest, layout_gridlike, slime_entry_1,
          nicolae_volcano_entry_two_sided, chequers_serial_rivers_room_b,
          lemuel_old_faithful
Orc:1:    layout_caves, basic_altar, serial_shops, shop, nicolae_orc_bridge_out
Orc:2:    st_orc_open, layout_caves

Skill      XL: |  1  2  3  4  5  6  7  8  9 10 11 12 13 14 15 |
---------------+----------------------------------------------+-----
Stealth        | 2 |  2.1
Spellcasting   | 4 5 6 8 |  8.6
Fighting       | 4 7 11 15 16 | 16.1
Dodging        | 3 8 |  8.7
Ranged Weapons | 3 8 12 13 | 13.2

Action                   |  1- 3 |  4- 6 |  7- 9 | 10-12 | 13-15 || total
-------------------------+-------+-------+-------+-------+-------++-------
Melee: Unarmed           |     1 |       |       |       |       ||     1
       Dagger            |       |     2 |     1 |       |       ||     3
 Fire: Shortbow          |       |       |       |    97 |   128 ||   225
 Cast: Freeze            |    48 |    13 |    43 |    91 |    65 ||   260
       Frozen Ramparts   |       |     8 |     8 |    41 |    41 ||    98
       Poisonous Vapours |       |    57 |   116 |   168 |    78 ||   419
       Shock             |       |    18 |    88 |   237 |   460 ||   803
       Summon Ice Beast  |       |     2 |    10 |    20 |     1 ||    33
       Mephitic Cloud    |       |       |     4 |    37 |    66 ||   107
       Tukima's Dance    |       |       |     3 |    30 |    11 ||    44
       Ozocubu's Armour  |       |       |       |     3 |       ||     3
       Iskenderun's Batt |       |       |       |    36 |    79 ||   115
       Summon Forest     |       |       |       |       |     5 ||     5
Evoke: Wand              |       |       |       |     4 |     3 ||     7
  Use: Scroll            |       |     4 |     5 |     9 |    15 ||    33
       Potion            |       |       |     1 |     8 |     1 ||    10
Armor: Robe              |     4 |     2 |     2 |       |       ||     8
       Leather armour    |       |       |     2 |    64 |    61 ||   127
Dodge: Dodged            |    17 |     6 |    34 |   216 |   175 ||   448

Table legend: (Time is in decaauts)
 A = Elapsed time spent in this place.
 B = Non-inter-level travel time spent in this place.
 C = Inter-level travel time spent in this place.
 D = Time resting spent in this place.
 E = Time spent auto-exploring this place.
 F = Levels seen in this place.
 G = Mean time per level.
                   A        B        C        D        E       F      G
               +--------+--------+--------+--------+--------+-----+--------+
         Total |  28521 |  27336 |   1185 |   4071 |  19835 |  24 | 1188.4 |
       Dungeon |  17488 |  16660 |    828 |   1780 |  12868 |  13 | 1345.2 |
        Temple |     40 |     22 |     18 |      0 |     20 |   1 |   40.0 |
          Lair |   8305 |   7987 |    318 |   1751 |   5277 |   5 | 1661.0 |
  Orcish Mines |    922 |    903 |     19 |    191 |    560 |   2 |  461.0 |
         Sewer |    711 |    711 |      0 |      0 |    590 |   1 |  711.0 |
       Ossuary |    507 |    507 |      0 |    275 |    147 |   1 |  507.0 |
       Volcano |    545 |    545 |      0 |     73 |    373 |   1 |  545.0 |
               +--------+--------+--------+--------+--------+-----+--------+

Top non-repeatable levels by time:
    D:10: 2280 daAuts
  Lair:2: 2139 daAuts
     D:7: 2136 daAuts
  Lair:5: 2112 daAuts
     D:9: 1661 daAuts
    D:12: 1606 daAuts
    D:11: 1594 daAuts
     D:8: 1565 daAuts
  Lair:4: 1558 daAuts
     D:6: 1507 daAuts
  Lair:3: 1439 daAuts
     D:4: 1232 daAuts
     D:3: 1078 daAuts
  Lair:1: 1056 daAuts
     D:5: 1020 daAuts
